 Dungeon Crawl Stone Soup version 0.30-a0-719-gcc4359ea44 (webtiles) character file.

Game seed: 16104522308429434550

1027 Newt the Trooper (level 8, 0/60 (62) HPs)
             Began as a Demonspawn Gladiator on Jan 26, 2023.
             Slain by Duvessa
             ... wielding a +0 short sword
              (7 damage)
             ... on level 4 of the Dungeon.
             The game lasted 00:05:46 (3835 turns).

Newt the Trooper (Demonspawn Gladiator)             Turns: 3835, Time: 00:05:46

HP:   0/60 (62)     AC:  5    Str: 16    XL:     8   Next: 3%
MP:   8/8           EV: 13    Int: 10    God:
Gold: 244           SH:  0    Dex: 15    Spells: 7/7 levels left

rFire   . . .      SeeInvis .    e - +3 long sword (freeze)
rCold   . . .      Faith    .    (no shield)
rNeg    . . .      Spirit   .    i - +0 troll leather armour
rPois   +          Reflect  .    (helmet restricted)
rElec   .          Harm     .    r - +0 cloak
rCorr   .          Rampage  .    (no gloves)
Will    .....                    (no boots)
Stlth   ++                       (no amulet)
HPRegen 1.10/turn                g - ring of poison resistance
MPRegen 0.11/turn                (no ring)

@: lightly drained
A: antennae 2, powered by pain 2, demonic magic 1
a: no special abilities


You were on level 4 of the Dungeon.
You visited 1 branch of the dungeon, and saw 5 of its levels.

You collected 244 gold pieces.

Inventory:

Hand Weapons
 a - a +0 rapier of protection
 e - a +3 long sword of freezing (weapon)
Armour
 b - a +0 leather armour
 c - a +0 helmet
 i - a +0 troll leather armour (worn)
 r - a +0 cloak (worn)
Jewellery
 g - a ring of poison resistance (left hand)
Scrolls
 d - a scroll of fog {unknown}
 h - a scroll of brand weapon
 j - a scroll of enchant armour
 m - a scroll of poison {unknown}
 o - a scroll of teleportation
 q - a scroll of magic mapping
 u - a scroll of blinking {unknown}
Potions
 f - a potion of haste
 n - a potion of might
 p - 2 potions of attraction
 s - a potion of curing
 t - a potion of cancellation {unknown}
 v - a potion of mutation {unknown}


   Skills:
 + Level 5.1 Fighting
 - Level 2.6 Short Blades
 - Level 5.0 Throwing
 - Level 4.0 Armour
 - Level 4.0 Dodging
 - Level 2.0 Stealth


You had 7 spell levels left.
You didn't know any spells.
Your spell library contained the following spells:

 Spells                   Type           Power      Damage    Failure   Level
 Summon Small Mammal      Summ           0%         N/A       41%         1
 Call Canine Familiar     Summ           0%         N/A       80%         3
 Summon Guardian Golem    Hex/Summ       0%         N/A       80%         3


Dungeon Overview and Level Annotations

Branches:
Dungeon (5/15)
 Temple: D:4-7

Altars:
Cheibriados
Uskayaw

Annotations:
D:4 Dowan, Duvessa
D:5 2 runed translucent doors


Innate Abilities, Weirdness & Mutations

You have a pair of antennae on your head.
You sometimes gain power by taking damage.
Spells you cast may paralyse adjacent enemies.


Message History

Duvessa misses you.
Dowan casts a spell at Duvessa.
Duvessa seems to speed up.
Duvessa misses you.
You hit Duvessa but do no damage.
Duvessa is moderately wounded.
Duvessa closely misses you.
Dowan casts a spell.
Dowan blinks!
Duvessa shouts, "You can run, but you cannot escape us forever!"
Duvessa hits you with a +0 short sword.
You slash Duvessa! You freeze Duvessa.
Duvessa is severely wounded.
Dowan mumbles some strange words.
Dowan blinks!
Duvessa says, "I don't care about looks, I care about technique!"
Duvessa hits you with a +0 short sword! Duvessa hits you with a +0 short sword!
Dowan casts a spell at you. The puff of flame hits you.
Duvessa closely misses you.
You slash Dowan! You freeze Dowan. You punch Dowan, but do no damage.
Dowan is heavily wounded.
Duvessa completely misses you. Dowan hits you but does no damage.
Duvessa hits you with a +0 short sword.
You hit Dowan.
Dowan is severely wounded.
Duvessa misses you. Dowan barely misses you.
Duvessa hits you with a +0 short sword!
You closely miss Dowan.
Dowan is severely wounded.
Duvessa hits you with a +0 short sword.
Dowan drinks a potion.
Dowan seems to grow stronger.
Duvessa hits you with a +0 short sword.
You hit Duvessa but do no damage.
Duvessa is severely wounded.
Dowan barely misses you. Duvessa hits you with a +0 short sword!
* * * LOW HITPOINT WARNING * * *
Dowan hits you with a +0 dagger!
* * * LOW HITPOINT WARNING * * *
Duvessa hits you with a +0 short sword!
You die...

#. #############. ###########
#.......†##... .e..{.{{..##
#.######.##.#.
########...#########.## #......
.# ###.#............# ####... ##
#...#...##..###..# #(.. #
#.#####.##.e# #..# #...
#.g.#...##.@# #.[# ###.
###{#.#.##.e##...# #. #
#.{.#.##..##.#.# ##' ##
#...{.....##e#.# ##.. .##
#####g###<.....# ##... ..#
##.###.######e##### ##....
...####...##g##.## ##.####...))
...'........[....# ##.....'.....
...###.....#.##)#####...####.....


You could see Duvessa (fast) and Dowan (strong).

Vanquished Creatures
  Sigmund (D:2)
  Menkaure (D:5)
  An ogre (D:5)
  2 scorpions
  3 wights (D:4)
  3 hounds
  An iguana (D:5)
  Ijyb (D:5)
  An orc wizard (D:3)
  A mummy (D:5)
  Robin (D:5)
  4 gnolls (D:4)
  8 adders
  An ufetubus (D:4)
  A worm (D:3)
  7 orcs
  3 bats
  7 endoplasms
  4 giant cockroaches
  13 goblins
  9 hobgoblins
  2 jackals (D:1)
  4 kobolds
  3 quokkas
  12 ball pythons
  A frilled lizard (D:2)
  10 rats
105 creatures vanquished.

Notes
Turn   | Place    | Note
-------+----------+-------------------------------------------
     0 | D:1      | Newt the Demonspawn Gladiator began the quest for the Orb.
     0 | D:1      | Reached XP level 1. HP: 16/16 MP: 1/1
    66 | D:1      | Reached skill level 1 in Stealth
   287 | D:1      | Gained mutation: Spells you cast may paralyse adjacent
                  | enemies. [demonic ancestry]
   287 | D:1      | Reached XP level 2. HP: 19/22 MP: 2/2
   711 | D:1      | Gained mutation: You sometimes gain a little power by
                  | taking damage. [demonic ancestry]
   711 | D:1      | Reached XP level 3. HP: 28/28 MP: 3/3
   987 | D:2      | Noticed Sigmund
   997 | D:2      | Killed Sigmund
   998 | D:2      | Gained mutation: You sometimes gain power by taking damage.
                  | [demonic ancestry]
   998 | D:2      | Reached XP level 4. HP: 37/37 MP: 4/4
   998 | D:2      | Gained mutation: You have a pair of small antennae on your
                  | head. [demonic ancestry]
   998 | D:2      | Reached XP level 5. HP: 42/42 MP: 5/5
  1881 | D:3      | Gained mutation: You have a pair of antennae on your head.
                  | [demonic ancestry]
  1881 | D:3      | Reached XP level 6. HP: 48/48 MP: 6/6
  2461 | D:4      | You fall into a shaft and drop 1 floor!
  2461 | D:5      | Entered Level 5 of the Dungeon
  2461 | D:5      | Found a runed translucent door.
  2539 | D:5      | Found a hide-covered altar of Uskayaw.
  2601 | D:5      | Reached XP level 7. HP: 54/54 MP: 7/7
  2678 | D:5      | Found a runed translucent door.
  2908 | D:5      | Found a snail-covered altar of Cheibriados.
  2909 | D:5      | Noticed Robin
  2909 | D:5      | Noticed Ijyb
  2961 | D:5      | Killed Ijyb
  2988 | D:5      | Killed Robin
  3025 | D:5      | Noticed Menkaure
  3068 | D:5      | Killed Menkaure
  3465 | D:4      | Reached skill level 5 in Throwing
  3698 | D:4      | Noticed Dowan
  3699 | D:4      | Noticed Duvessa
  3764 | D:4      | Reached skill level 5 in Fighting
  3764 | D:4      | Reached XP level 8. HP: 31/58 MP: 8/8
  3835 | D:4      | Slain by Duvessa

Illustrated notes

Levels and vault maps discovered:
D:1:      heliophobic_arrival_henge, layout_basic
D:2:      minmay_wonky_spiral, layout_basic, kennysheep_generic_room_10,
          uniq_sigmund
D:3:      layout_rooms, mainiacjoe_overflow_six_doors_small,
          nicolae_underground_beach
D:4:      layout_loops_corners, nrook_loot_triangle, minivault_11, uniq_pikel,
          uniq_duvessa
D:5:      lemuel_insect_pit, layout_loops_ring, nicolae_uskayaw_dance_hall,
          slow_altar_1, nicolae_goblin_pals, uniq_menkaure

Skill      XL: |  1  2  3  4  5  6  7 |
---------------+----------------------+-----
Stealth        | 1 2 |  2.0
Fighting       | 4 5 |  5.1
Armour         | 2 3 4 |  4.0
Dodging        | 4 |  4.0
Throwing       | 2 5 |  5.0
Short Blades   | |  2.6

Action                     |  1- 3 |  4- 6 |  7- 9 || total
---------------------------+-------+-------+-------++-------
  Melee: Rapier            |   104 |   263 |   163 ||   530
         Punch             |     3 |     1 |     8 ||    12
         Long sword        |       |       |    39 ||    39
  Throw: Javelin           |     1 |     1 |     4 ||     6
         Throwing net      |       |     2 |     5 ||     7
    Use: Scroll            |     6 |     4 |     2 ||    12
         Potion            |       |       |     2 ||     2
   Stab: Sleeping          |     3 |     9 |     1 ||    13
         Held in net/web   |       |     1 |     2 ||     3
 Armour: Troll leather arm |    38 |   115 |    72 ||   225
         Leather armour    |     7 |       |       ||     7
         Skin              |       |       |    11 ||    11
  Dodge: Dodged            |    79 |   187 |   181 ||   447

Table legend: (Time is in decaauts)
 A = Elapsed time spent in this place.
 B = Non-inter-level travel time spent in this place.
 C = Inter-level travel time spent in this place.
 D = Time resting spent in this place.
 E = Time spent auto-exploring this place.
 F = Levels seen in this place.
 G = Mean time per level.
                   A        B        C        D        E       F      G
               +--------+--------+--------+--------+--------+-----+--------+
         Total |   3884 |   3846 |     38 |    440 |   2261 |   5 |  776.8 |
       Dungeon |   3884 |   3846 |     38 |    440 |   2261 |   5 |  776.8 |
               +--------+--------+--------+--------+--------+-----+--------+

Top non-repeatable levels by time:
     D:5: 1099 daAuts
     D:1: 983 daAuts
     D:2: 645 daAuts
     D:3: 604 daAuts
     D:4: 551 daAuts
